Map: King Sejong Station LE

Players

llllllllllll - Winner!

  • Race: Terran Terran
  • League: Grandmaster

ThisGameSuck

  • Race: Protoss Protoss
  • League: Grandmaster

VOD

Have the link to the VOD?

Description

Time

  • Played on: June 30, 2016, 8:46 a.m.
  • Length: 10:39
Show
View Real Time Build Order
Export as new Build Order

llllllllllll Terran - Winner!

Build Orders: Reaper Expand, MMM Bio 

Get SALT Encoding   

  12  0:00  SCV  
  13  0:12  SCV  
  14  0:17  Supply Depot  
  14  0:25  SCV  
  15  0:38  SCV  
  15  0:39  Barracks  
  16  0:44  Refinery  
  16  0:50  SCV  
  17  1:02  SCV  
  18  1:15  SCV  
  19  1:27  Reaper, Orbital Command  
  20  1:43  Command Center  
  20  1:53  SCV  
  21  1:59  Barracks Reactor  
  21  2:03  Supply Depot  
  21  2:05  SCV  
  22  2:13  Barracks  
  22  2:19  Barracks  
  22  2:20  SCV  
  23  2:32  SCV  
  24  2:42  Marine  
  24  2:43  Marine  
  26  2:44  SCV  
  26  2:55  Orbital Command  
  26  2:56  SCV  
  27  3:00  Marine x2  
  27  3:01  Refinery, Barracks Tech Lab  
  29  3:09  Barracks Tech Lab  
  29  3:15  SCV  
  29  3:18  Marine x2  
  29  3:19  Marine, Stimpack  
  33  3:22  SCV  
  33  3:26  Supply Depot  
  34  3:27  SCV  
  34  3:34  Marine, SCV  
  36  3:35  Combat Shields  
  36  3:38  Marine  
  36  3:39  Supply Depot  
  36  3:40  Marine  
  39  3:45  Marauder  
  41  3:52  Marauder  
  43  3:56  Marine  
  43  3:57  Marine  
  45  4:06  Marauder  
  45  4:08  Supply Depot  
  47  4:12  SCV  
  47  4:13  SCV  
  47  4:14  Marine, Marauder  
  47  4:16  Marine  
  53  4:28  Marauder  
  53  4:29  Supply Depot  
  55  4:34  Marine  
  55  4:35  Marine, Marauder  
  59  4:39  SCV x2  
  59  4:44  Factory  
  61  4:49  Marauder  
  61  4:51  SCV  
  64  4:53  Concussive Shells  
  64  4:56  Marine, Marauder  
  64  4:57  Marine  
  68  5:00  SCV  
  68  5:03  Supply Depot  
  68  5:04  SCV  
  70  5:11  Marauder  
  70  5:12  SCV  
  73  5:16  SCV  
  73  5:18  Supply Depot, Marauder  
  73  5:20  Marine  
  77  5:21  Marine, Refinery  
  77  5:24  SCV  
  79  5:30  Starport, Factory Reactor  
  75  5:42  SCV x2  
  75  5:46  Barracks  
  75  5:47  Barracks  
  75  5:48  Marauder x2  
  75  5:49  Marine  
  80  5:51  Marine  
  80  5:54  SCV x2  
  79  6:06  SCV  
  79  6:08  Marine  
  72  6:15  Marine  
  72  6:16  Marauder  
  68  6:20  Marauder  
  68  6:27  Medivac x2, Widow Mine  
  68  6:32  Marine  
  75  6:33  Refinery  
  75  6:35  SCV x2  
  75  6:38  Barracks Reactor, Barracks Tech Lab  
  75  6:39  Marine, Marauder  
  80  6:45  Marauder  
  83  6:47  SCV x2  
  83  6:48  Engineering Bay  
  83  6:51  Marine  
  83  6:53  Command Center  
  85  6:56  Marine  
  85  6:59  Medivac x2, SCV  
  91  7:02  SCV  
  91  7:04  Marine, Factory Reactor  
  93  7:10  Marauder  
  93  7:11  SCV  
  94  7:20  Terran Infantry Weapons Level 1  
  94  7:21  Supply Depot  
  94  7:22  SCV  
  95  7:23  SCV  
  95  7:25  Marine x2, Marauder x2  
  102  7:37  Liberator  
  102  7:42  Marine x3, SCV x2, Widow Mine  
  102  7:43  Widow Mine  
  111  7:47  Liberator  
  107  7:53  Marauder x2  
  107  7:54  SCV x2  
  107  7:55  Marine x2  
  118  8:03  Supply Depot  
  121  8:07  SCV x2  
  121  8:08  Marauder  
  121  8:09  Marine  
  121  8:10  Marine  
  127  8:15  Orbital Command  
  127  8:19  SCV x2  
  121  8:27  Marauder  
  121  8:28  Marine x2  
  120  8:37  Widow Mine x2, Liberator x2  
  120  8:38  Marine x2, Marauder  
  116  8:48  Marine  
  116  8:51  Marauder  
  116  8:52  Marauder  
  127  9:02  Barracks x2  
  127  9:03  Barracks  
  127  9:04  Missile Turret  
  127  9:06  Widow Mine x2  
  127  9:07  Marauder  
  133  9:11  Supply Depot x2, Marine  
  133  9:13  Marine x2  
  133  9:14  Marine  
  133  9:16  Marauder  
  139  9:22  Marauder  
  141  9:30  Supply Depot, Liberator x2  
  141  9:31  Supply Depot  
  141  9:32  Marine  
  141  9:33  Marine x3  
  141  9:34  Marauder  
  141  9:38  Marauder  
  147  9:45  Marauder  
  130  9:48  Widow Mine  
  130  9:50  Marine x4  
  130  9:51  Marine  
  141  9:58  Marine  
  141  9:59  Marine x3  
  143  10:12  Marine x3, Marauder  
  143  10:13  Marine x2  
  150  10:17  Marauder  
  150  10:18  Marauder  
Show
View Real Time Build Order
Export as new Build Order

ThisGameSuck Protoss 

Build Orders: 1 Gate Expand, Blink Stalkers 

Get SALT Encoding   

  12  0:01  Probe (Chrono Boost)  
  13  0:11  Probe (Chrono Boost)  
  14  0:17  Pylon  
  14  0:22  Probe (Chrono Boost)  
  15  0:35  Probe (Chrono Boost)  
  16  0:36  Gateway  
  16  0:46  Probe (Chrono Boost)  
  16  0:47  Assimilator  
  17  0:56  Probe (Chrono Boost)  
  18  1:07  Probe (Chrono Boost)  
  19  1:20  Nexus  
  19  1:31  Cybernetics Core  
  19  1:33  Probe (Chrono Boost)  
  19  1:37  Assimilator  
  20  1:43  Probe (Chrono Boost)  
  21  1:49  Pylon  
  22  1:54  Probe (Chrono Boost)  
  22  2:08  Mothership Core (Chrono Boost)  
  24  2:09  Adept  
  26  2:18  Warp Gate  
  26  2:26  Probe (Chrono Boost)  
  27  2:34  Probe (Chrono Boost)  
  27  2:37  Probe (Chrono Boost)  
  29  2:47  Probe x2 (Chrono Boost)  
  31  2:52  Robotics Facility  
  31  2:57  Twilight Council, Probe (Chrono Boost)  
  31  2:58  Probe (Chrono Boost)  
  33  3:08  Probe (Chrono Boost)  
  33  3:09  Probe (Chrono Boost)  
  35  3:13  Gateway  
  35  3:18  Probe (Chrono Boost)  
  35  3:19  Gateway, Blink (Chrono Boost)  
  36  3:20  Probe (Chrono Boost)  
  37  3:28  Probe (Chrono Boost)  
  37  3:31  Probe (Chrono Boost)  
  39  3:38  Assimilator  
  39  3:39  Probe  
  39  3:40  Observer (Chrono Boost)  
  41  3:44  Pylon  
  41  3:46  Probe  
  42  3:51  Probe  
  42  3:54  Pylon  
  43  3:58  Pylon  
  43  3:59  Probe  
  43  4:01  Observer (Chrono Boost)  
  45  4:03  Probe  
  46  4:11  Probe  
  46  4:15  Probe  
  48  4:19  Observer (Chrono Boost)  
  48  4:23  Stalker x2, Probe  
  54  4:26  Stalker  
  54  4:27  Probe  
  57  4:35  Probe  
  57  4:38  Observer (Chrono Boost)  
  59  4:39  Nexus, Probe  
  59  4:42  Pylon  
  60  4:46  Stalker  
  60  4:48  Stalker  
  60  4:50  Probe  
  65  4:57  Probe  
  65  4:59  Assimilator  
  66  5:00  Pylon  
  66  5:01  Stalker  
  66  5:05  Probe  
  69  5:10  Pylon  
  69  5:11  Probe  
  70  5:16  Stalker x2  
  70  5:17  Probe  
  75  5:23  Probe  
  76  5:28  Stalker  
  76  5:29  Probe  
  78  5:39  Adept x2  
  78  5:41  Probe  
  78  5:42  Mothership Core  
  80  5:49  Pylon  
  80  5:51  Stalker  
  80  5:53  Pylon  
  80  5:55  Gateway x2  
  80  5:57  Forge x2  
  80  6:10  Probe  
  71  6:20  Probe  
  71  6:22  Stalker x3, Probe  
  79  6:29  Warp Prism (Chrono Boost)  
  79  6:30  Nexus  
  81  6:33  Pylon  
  81  6:36  Protoss Ground Weapons Level 1 (Chrono Boost), Protoss Ground Armor Level 1 (Chrono Boost)  
  81  6:41  Resonating Glaives  
  81  6:47  Probe  
  82  6:49  Sentry  
  82  6:53  Probe  
  85  6:57  Gateway  
  85  7:00  Gateway x2  
  85  7:01  Sentry  
  85  7:06  Probe  
  85  7:07  Immortal  
  92  7:18  Adept x4  
  92  7:20  Probe  
  101  7:25  Pylon  
  101  7:28  Stalker  
  101  7:29  Probe  
  104  7:32  Probe  
  103  7:41  Probe x2  
  105  7:44  Probe  
  105  7:45  Pylon  
  105  7:46  Adept x2  
  105  7:47  Adept x2  
  114  7:54  Immortal  
  118  8:03  Adept  
  120  8:06  Adept x2  
  120  8:07  Adept  
  120  8:09  Sentry x2  
  130  8:23  Stalker x3  
  122  8:43  Assimilator x2  
  122  8:44  Pylon  
  122  8:46  Pylon  
  122  8:48  Pylon  
  120  8:58  Pylon  
  120  8:59  Warp Prism (Chrono Boost)  
  122  9:05  Pylon  
  122  9:06  Pylon  
  122  9:08  Pylon  
  122  9:10  Probe  
  122  9:16  Adept x8  
  138  9:34  Pylon  
  138  9:43  Stalker x7  
  136  9:48  Stalker  
  130  10:01  Immortal (Chrono Boost)  
  134  10:11  Templar Archives  
Tags
 
Add a new tag
Caveats
  • Supply blocks, unpowered buildings, or Contaminate may cause inaccurate times.
  • Supply counts are checked every 10 seconds.